 Dungeon Sprint DCSS version 0.22-a0-358-g7563fe7 (webtiles) character file.

10 Kidiri the Sneak (level 2, -14/14 HPs)
             Began as a Spriggan Enchanter on Apr 18, 2018.
             Demolished by a tyrant leech (23 damage)
             ... in the Dungeon (Sprint II: "The Violet Keep of Menkaure").
             The game lasted 00:00:58 (68 turns).

Kidiri the Sneak (Spriggan Enchanter)                 Turns: 68, Time: 00:01:00

Health: -14/14     AC:  2    Str:  4    XL:     2   Next: 10%
Magic:  1/7        EV: 19    Int: 16    God:
Gold:   243        SH:  0    Dex: 16    Spells: 4/7 levels left

rFire    . . .     SeeInvis +   a - +1 dagger
rCold    . . .     Gourm    .   (shield restricted)
rNeg     . . .     Faith    .   b - +0 robe
rPois    .         Spirit   .   (helmet restricted)
rElec    .         Reflect  .   (no cloak)
rCorr    .         Harm     .   (gloves unavailable)
MR       .....     NoTele   +   (boots unavailable)
Stlth    +++.......             (no amulet)
HPRegen  0.04/turn              (no ring)
MPRegen  0.10/turn              (no ring)

@: very quick
A: very small, unfitting armour, see invisible, herbivore, speed 3, slow
metabolism 2
a: no special abilities


You were in the Dungeon.
You were not hungry.

You visited 1 branch You collected 243 gold pieces.

Inventory:

Hand Weapons
 a - a +1 dagger (weapon)
Armour
 b - a +0 robe (worn)
Scrolls
 j - a scroll of blinking
Potions
 e - a potion of curing
 f - a potion of heal wounds
 g - a potion of haste
 h - 2 potions of magic
 i - a potion of berserk rage
Comestibles
 d - a ration


   Skills:
 + Level 0.6 Fighting
 * Level 2.1 Short Blades
 + Level 0.6 Armour
 * Level 3.9 Dodging
 * Level 5.2 Stealth
 * Level 3.4 Spellcasting
 + Level 3.9 Hexes


You had 4 spell levels left.
You knew the following spells:

 Your Spells              Type           Power        Failure   Level  Hunger
a - Corona                Hex            ###....      3%          1    None
b - Ensorcelled Hibernat  Hex/Ice        #.....       12%         2    ##.....


Dungeon Overview and Level Annotations

Branches:
Dungeon (1/1)

Altars:

Shops:
D !}=!*%![:=?


Innate Abilities, Weirdness & Mutations

You are very small and have problems with some larger weapons.
You are too small for most types of armour.
You have supernaturally acute eyesight. (SInv)
You are a herbivore.
You cover ground extremely quickly.
You need to consume almost no food.


Message History

Press: ? - help, Shift-Dir - straight line, f/p - tyrant leech
Aim: a tyrant leech (lightly wounded, chance to defeat MR: 24%)
The tyrant leech resists with almost no effort.
The tyrant leech bites you.
The tyrant leech draws strength from your injuries!
Casting: Ensorcelled Hibernation (safe; 12% risk of failure)
Confirm with . or Enter, or press ? or * to list all spells.
Aiming: Ensorcelled Hibernation (safe; 12% risk of failure)
Press: ? - help, Shift-Dir - straight line, f/p - tyrant leech
Aim: a tyrant leech (lightly wounded, chance to defeat MR: 24%)
The tyrant leech resists with almost no effort.
Casting: Ensorcelled Hibernation (safe; 12% risk of failure)
Confirm with . or Enter, or press ? or * to list all spells.
Aiming: Ensorcelled Hibernation (safe; 12% risk of failure)
Press: ? - help, Shift-Dir - straight line, f/p - tyrant leech
Aim: a tyrant leech (lightly wounded, chance to defeat MR: 24%)
The tyrant leech resists with almost no effort.
The tyrant leech bites you!!
Ouch! That really hurt!
You die...

######≈ .∩.∩.#≈
∩.∩..#≈ ##
.∩...#≈ 3#
∩....#≈ ### .##
.∩...#≈##.# #+#
∩.∩..#≈#.####.##
+≈+##.'.<.+
..∩.∩#≈#@w.##.##
▓▓▓###≈##.###'#
######≈ ### $#.
## .w .. ##. .##
## ##


You could see a tyrant leech.

Vanquished Creatures
  3 worms (D)
3 creatures vanquished.

Vanquished Creatures (others)
  Menkaure (D)
  A crocodile (D)
2 creatures vanquished.

Grand Total: 5 creatures vanquished

Notes
Turn   | Place    | Note
-------+----------+-------------------------------------------
     0 | D        | Kidiri the Spriggan Enchanter began the quest for the Orb.
     0 | D        | Reached XP level 1. HP: 9/9 MP: 5/5
     1 | D        | Noticed a neqoxec
     9 | D        | Reached skill level 5 in Stealth
    16 | D        | Found Jyalec's Food Boutique.
    16 | D        | Found Fuojonwae's Assorted Antiques.
    16 | D        | Found Oceczeph's Distillery.
    16 | D        | Found Rueteul's Jewellery Shop.
    16 | D        | Found Dainnapath's Distillery.
    17 | D        | Found Mawoov's Magic Scroll Shop.
    17 | D        | Found Xumaff's Book Boutique.
    17 | D        | Found Kakhuseo's Antique Armour Shop.
    17 | D        | Found Funofrai's Jewellery Boutique.
    17 | D        | Found Plog's Gadget Shop.
    17 | D        | Found Gapt's Distillery.
    19 | D        | Reached XP level 2. HP: 14/14 MP: 7/7
    28 | D        | Learned a level 2 spell: Ensorcelled Hibernation
    36 | D        | Noticed a tyrant leech
    36 | D        | Noticed a tyrant leech
    46 | D        | Killed Menkaure
    50 | D        | Killed a crocodile
    68 | D        | Demolished by a tyrant leech

Vault maps used:
D:        the_violet_keep_of_menkaure

Skill      XL: |  1 |
---------------+----+-----
Spellcasting   | 3 |  3.4
Short Blades   | 2 |  2.1
Stealth        | 5 |  5.2
Fighting       | |  0.6
Armour         | |  0.6
Dodging        | |  3.9
Hexes          | |  3.9

Action                   || total
-------------------------++-------
Melee: Dagger            ||     4
 Cast: Ensorcelled Hiber ||     4
 Stab: Sleeping          ||     4

Table legend:
 A = Spawn XP
 B = Non-spawn XP
 C = Spawn XP percentage of total XP
 D = Spawn monster count
 E = Non-spawn monster count
 F = Spawn count percentage of total count
 G = Total turns spent on level
                    A         B        C        D         E        F      G
               +---------+---------+-------+---------+---------+-------+---------
         Total |       0 |      15 |   0.0 |       0 |       3 |   0.0 |    68
               +---------+---------+-------+---------+---------+-------+---------
             D |       0 |      15 |   0.0 |       0 |       3 |   0.0 |    68
               +---------+---------+-------+---------+---------+-------+---------
